 Dungeon Crawl Stone Soup version 0.29.0-4-gdea44cf6ec (webtiles) character file.

Game seed: 3563450568019721454

130 qw the Chopper (level 5, -1/30 HPs)
             Began as a Tengu Warper on Aug 28, 2022.
             Was an Initiate of Okawaru.
             Slain by Edmund
             ... wielding a +4 flail of protection
              (8 damage)
             ... on level 4 of the Dungeon.
             The game lasted 00:00:18 (3852 turns).

qw the Chopper (Tengu Warper)                       Turns: 3852, Time: 00:00:19

Health: -1/30      AC:  8    Str: 13    XL:     5   Next: 14%
Magic:  9/9        EV: 11    Int: 13    God:    Okawaru [......]
Gold:   289        SH:  0    Dex: 14    Spells: 8/8 levels left

rFire   . . .      SeeInvis .   Y - +1 hand axe
rCold   . . .      Faith    .   (no shield)
rNeg    . . .      Spirit   .   g - +0 chain mail
rPois   .          Reflect  .   (helmet restricted)
rElec   .          Harm     .   (no cloak)
rCorr   .          Rampage  .   (no gloves)
Will    .....                   (boots unavailable)
Stlth   ..........              (no amulet)
HPRegen 0.10/turn               l - +4 ring of evasion
MPRegen 0.11/turn               (no ring)

@: about to teleport, flying quickly and evasively, quick
A: beak, talons 3, nimble flight
a: Renounce Religion


You were on level 4 of the Dungeon.
You worshipped Okawaru.
Okawaru was noncommittal.
You visited 1 branch of the dungeon, and saw 4 of its levels.

You collected 289 gold pieces.


Innate Abilities, Weirdness & Mutations

You have a beak for a mouth.
You have claws for feet.
Your magical nature lets you fly swiftly and evasively.


   Skills:
 - Level 2.0 Fighting
 + Level 5.7 Axes
 - Level 1.0 Throwing
 - Level 1.1 Armour
 - Level 2.1 Dodging
 - Level 2.0 Spellcasting
 - Level 2.4 Translocations


You had 8 spell levels left.
You didn't know any spells.
Your spell library contained the following spells:

 Spells                   Type           Power      Damage    Failure   Level
 Blink                    Tloc           14%        N/A       99%         2
 Gell's Gravitas          Tloc           7%         N/A       100%        3
 Lesser Beckoning         Tloc           7%         N/A       100%        3
 Teleport Other           Tloc           7%         N/A       100%        3
 Manifold Assault         Tloc           7%         N/A       100%        5

Inventory:

Hand Weapons
 j - a +0 whip
 Y - a +1 hand axe (weapon)
Armour
 g - a +0 chain mail (worn)
Jewellery
 l - a +4 ring of evasion (left hand)
Scrolls
 b - a scroll of enchant armour
 c - 2 scrolls of identify
 f - a scroll of teleportation
Potions
 a - a potion of might {unknown}
 d - a potion of haste {unknown}
 e - 2 potions of lignification {unknown}
 h - a potion of heal wounds
 k - a potion of cancellation

Dungeon Overview and Level Annotations

Branches:
Dungeon (4/15)
 Temple: D:4-7

Altars:
Cheibriados
Okawaru

Annotations:
D:4 Edmund


Message History

Edmund says, "You wouldn't believe how much I paid for this flail."
Throw: javelin
Press: ? - help, Q - select action Shift-Dir - straight line, f/p - Edmund You throw a javelin.
The javelin pierces through Edmund.
Edmund is lightly wounded.
You barely miss Edmund. Your kick misses Edmund. Your peck misses Edmund.
Edmund is lightly wounded.
Edmund closely misses you.
A goblin comes into view. It is wielding a +0 dagger.
The goblin shouts!
You hit Edmund but do no damage.
Edmund is lightly wounded.
Edmund closely misses you.
You barely miss Edmund.
Edmund is lightly wounded.
Edmund hits you with a +4 flail of protection!
You hit Edmund. You claw Edmund, but do no damage. Your peck misses Edmund.
Edmund is lightly wounded.
Edmund hits you with a +4 flail of protection.
You hit Edmund but do no damage. Your kick misses Edmund.
Your peck misses Edmund.
Edmund is lightly wounded.
Edmund closely misses you.
You closely miss Edmund.
Edmund is lightly wounded.
Edmund hits you with a +4 flail of protection.
You hit Edmund. Your kick misses Edmund. Your peck misses Edmund.
Edmund is moderately wounded.
Edmund closely misses you.
You hit Edmund. Your kick misses Edmund. You peck Edmund, but do no damage.
Edmund is moderately wounded.
You closely miss the goblin.
Edmund hits you with a +4 flail of protection!
The goblin completely misses you.
3852 ||| READING 2 scrolls of teleportation.
As you read the scroll of teleportation, it crumbles to dust.
You feel strangely unstable. The goblin hits you but does no damage.
Edmund hits you with a +4 flail of protection!
You die...

### #### ##.##
... ##.#.##
#.####.###.###.##
###
(.....@@........#
#..
#...##g###.#.#..#
#.# . ...
#....#.# #.#
..### #...##.#
#.# #. #..###.#
#.# # #..# #.#
#.# #..###.# #.#
#......# #.#
##.##### #..


You could see Edmund and a goblin.

Vanquished Creatures
  An iguana (D:3)
  3 adders
  3 dart slugs
  An orc (D:3)
  8 ball pythons
  4 endoplasms
  A giant cockroach (D:3)
  4 goblins
  9 hobgoblins
  9 jackals
  6 quokkas
  4 bats
  5 frilled lizards
  5 kobolds
  2 rats (D:1)
65 creatures vanquished.

Notes
Turn   | Place    | Note
-------+----------+-------------------------------------------
     0 | D:1      | qw the Tengu Warper began the quest for the Orb.
     0 | D:1      | Reached XP level 1. HP: 12/12 MP: 4/4
     0 | D:1      | 0 ||| qw: Version: 0.1-a-89-g26bdef1
     0 | D:1      | 0 ||| qw: Game counter: 1259
     0 | D:1      | 0 ||| qw: Always use a shield: true
     0 | D:1      | 0 ||| qw: God list: Okawaru
     0 | D:1      | 0 ||| qw: Allow faded altars: false
     0 | D:1      | 0 ||| qw: Do Orc after D:15 true
     0 | D:1      | 0 ||| qw: Do second Lair branch before Depths: true
     0 | D:1      | 0 ||| qw: Lair rune preference: random
     0 | D:1      | 0 ||| qw: Plans: Normal
     0 | D:1      | 0 ||| PLANNING D:1-11
   184 | D:1      | Reached XP level 2. HP: 17/17 MP: 6/6
   198 | D:1      | Reached skill level 3 in Axes
   199 | D:1      | 199 ||| Stepping ~*~*~tactically~*~*~ (hiding).
   787 | D:1      | 787 ||| Stepping ~*~*~tactically~*~*~ (stealth).
   862 | D:1      | 862 ||| Stepping ~*~*~tactically~*~*~ (stealth).
  1073 | D:1      | Reached XP level 3. HP: 21/21 MP: 7/7
  1125 | D:1      | Found a faded altar of an unknown god.
  1132 | D:1      | 1132 ||| Stepping ~*~*~tactically~*~*~ (stealth).
  1491 | D:1      | 1491 ||| UPGRADING to +0 ring mail.
  1501 | D:1      | 1501 ||| DROPPING +0 leather armour.
  1502 | D:1      | 1502 ||| UPGRADING to +0 chain mail.
  1512 | D:1      | 1512 ||| DROPPING +0 ring mail.
  1513 | D:1      | 1513 ||| UPGRADING to +4 ring of evasion.
  1514 | D:1      | 1514 ||| READING scroll labelled DOZAXKIECAE.
  1515 | D:1      | 1515 ||| READING scroll labelled LOEMEI MUOW.
  1516 | D:1      | 1516 ||| READING scroll labelled IBBIODI USICRY.
  1520 | D:1      | 1520 ||| READING scroll labelled ARIF ZIMEUROSCH.
  1521 | D:1      | 1521 ||| DROPPING scroll of blinking.
  1596 | D:2      | Reached skill level 4 in Axes
  2165 | D:2      | 2165 ||| Stepping ~*~*~tactically~*~*~ (stealth).
  2289 | D:2      | 2289 ||| READING scroll labelled DAJAGG UKETUS.
  2290 | D:2      | 2290 ||| READING scroll labelled FUIXEU VAFOGH.
  2291 | D:2      | 2291 ||| READING scroll labelled QEMMOXK LASAM.
  2407 | D:2      | 2407 ||| DRINKING 2 fizzy golden potions.
  2408 | D:2      | 2408 ||| DROPPING potion of attraction.
  2484 | D:3      | Reached skill level 5 in Axes
  2484 | D:3      | Reached XP level 4. HP: 17/26 MP: 8/8
  2638 | D:3      | 2638 ||| Stepping ~*~*~tactically~*~*~ (stealth).
  2646 | D:3      | 2646 ||| Stepping ~*~*~tactically~*~*~ (stealth).
  2648 | D:3      | 2648 ||| Stepping ~*~*~tactically~*~*~ (stealth).
  2655 | D:3      | 2655 ||| Stepping ~*~*~tactically~*~*~ (stealth).
  2702 | D:3      | 2702 ||| Stepping ~*~*~tactically~*~*~ (stealth).
  2751 | D:3      | 2751 ||| FLEEEEING.
  2752 | D:3      | 2752 ||| FLEEEEING.
  2753 | D:3      | 2753 ||| FLEEEEING.
  2754 | D:3      | 2754 ||| FLEEEEING.
  2755 | D:3      | 2755 ||| FLEEEEING.
  2756 | D:3      | 2756 ||| FLEEEEING.
  2757 | D:3      | 2757 ||| STAIRDANCE
  2822 | D:2      | 2822 ||| READING 2 scrolls labelled FAVOLO ZOKAPS.
  2966 | D:3      | Gained mutation: Your magical nature lets you fly swiftly
                  | and evasively. [Tengu growth]
  2966 | D:3      | Reached XP level 5. HP: 30/30 MP: 9/9
  3094 | D:3      | Found an iron altar of Okawaru.
  3101 | D:3      | Became a worshipper of Warmaster Okawaru
  3210 | D:3      | 3210 ||| Stepping ~*~*~tactically~*~*~ (hiding).
  3211 | D:3      | 3211 ||| Stepping ~*~*~tactically~*~*~ (hiding).
  3365 | D:3      | Found a snail-covered altar of Cheibriados.
  3541 | D:3      | 3541 ||| READING scroll labelled EBBORUNEUS.
  3542 | D:3      | 3542 ||| DRINKING 2 orange potions.
  3543 | D:3      | 3543 ||| DRINKING 2 amethyst potions.
  3840 | D:4      | Noticed Edmund
  3851 | D:4      | HP: 7/30 [Edmund/+4 flail of protection (7)]
  3852 | D:4      | 3852 ||| READING 2 scrolls of teleportation.
  3852 | D:4      | Slain by Edmund

Levels and vault maps discovered:
D:1:      dpeg_arrival_oval, layout_loops_ring,
          hellmonk_ecumenical_altar_pennies_from_heaven,
          minmay_misc_feat_hallway
D:2:      layout_basic
D:3:      layout_rooms, okawaru_gym_becter, amcnicky_altar_gilded,
          minmay_door_square
D:4:      layout_loops_corners, tgw_kikubaaqudgha,
          minmay_temple_entry_drinking_statues, uniq_edmund

Skill      XL: |  1  2  3 |
---------------+----------+-----
Axes           | 3 5 |  5.7
Fighting       | |  2.0
Throwing       | |  1.0
Armour         | |  1.1
Dodging        | |  2.1
Spellcasting   | |  2.0
Translocations | |  2.4

Action                   |  1- 3 |  4- 6 || total
-------------------------+-------+-------++-------
Melee: Hand axe          |   106 |    64 ||   170
       Kick              |    23 |    13 ||    36
       Peck              |     8 |     6 ||    14
       Punch             |       |     2 ||     2
Throw: Boomerang         |     7 |       ||     7
       Javelin           |       |    17 ||    17
  Use: Scroll            |     7 |     3 ||    10
       Potion            |     1 |     2 ||     3
 Stab: Sleeping          |     1 |       ||     1
Armor: Leather armour    |    20 |       ||    20
       Chain mail        |    17 |    15 ||    32
Dodge: Dodged            |    44 |    43 ||    87

Table legend:
 A = Non-vault XP
 B = Vault XP
 C = Vault XP percentage of total XP
 D = Non-vault monster count
 E = Vault monster count
 F = Vault count percentage of total count
                 A         B        C        D         E       F
            +---------+---------+-------+---------+---------+-------
      Total |     187 |       0 |   0.0 |      65 |       0 |   0.0
            +---------+---------+-------+---------+---------+-------
        D:1 |      41 |       0 |   0.0 |      23 |       0 |   0.0
        D:2 |      36 |       0 |   0.0 |      14 |       0 |   0.0
        D:3 |     108 |       0 |   0.0 |      27 |       0 |   0.0
        D:4 |       2 |       0 |   0.0 |       1 |       0 |   0.0
            +---------+---------+-------+---------+---------+-------
